 Dungeon Crawl Stone Soup version 0.32-a0-422-g28b100f618 (webtiles) character file.

Game seed: 15422820702803967553

9162 ezpacito the Charlatan (level 11, 0/75 HPs)
             Began as a Coglin Chaos Knight on Feb 21, 2024.
             Was a Plaything of Xom.
             Slain by Azoth's ghost (1 damage)
             ... on level 10 of the Dungeon.
             The game lasted 00:22:45 (10097 turns).

ezpacito the Charlatan (Coglin Chaos Knight)       Turns: 10097, Time: 00:22:45

Health: 0/75       AC: 16    Str: 16 (19) XL:     11   Next: 42%
Magic:  17/17      EV: 13    Int:  6 (9)  God:    Xom [......]
Gold:   651        SH:  5    Dex: 16 (18) Spells: 3/19 levels left

rFire   . . .        T - +2 spear (flame) {Eiko}
rCold   . . .        r - staff of air {Ichio}
rNeg    . . .        C - +4 ring mail {rPois}
rPois   +            M - +0 helmet
rElec   +            P - +1 cloak
rCorr   .            f - +0 pair of gloves
SInv    .            j - +0 pair of boots
Will    ++...        H - amulet of reflection
Stlth   ++           (no ring)
HPRegen 1.12/turn    (no ring)
MPRegen 0.15/turn

%: reflection, clarity
@: brilliant, immotile, enlightened, flying, revving
A: off-hand wielding, slow wielding, warmup strikes, legs shutdown, fangs 1,
agile 1, clarity, frail 1, strong-willed 1, mutation resistance 1, regeneration
1, strong 1, inability to read after injury 1
a: Renounce Religion


You were on level 10 of the Dungeon.
You worshipped Xom.
You were a very special plaything of Xom.
You visited 1 branch of the dungeon, and saw 10 of its levels.
You also visited: Ossuary.

You collected 651 gold pieces.

Inventory:

Hand Weapons
 a - a +1 hand axe of chaos {Dalbir}
 T - a +2 spear of flaming (weapon) {Eiko}
 X - a +4 long sword
Missiles
 l - 16 poisoned darts (quivered)
 o - a curare-tipped dart
 p - 16 boomerangs
 E - a datura-tipped dart
 W - 2 throwing nets
Armour
 b - the +1 robe of the Hall of Blades {Int+3}
   (You found it on level 4 of the Dungeon)

   Int+3:     It affects your intelligence (+3).
 f - a +0 pair of gloves (worn)
 j - a +0 pair of boots (worn)
 C - a +4 ring mail of poison resistance (worn)
 M - a +0 helmet (worn)
 P - a +1 cloak (worn)
Magical Staves
 r - a staff of air (offhand) {Ichio}
Jewellery
 H - an amulet of reflection (around neck)
 N - a ring of fire
 U - an amulet of guardian spirit
Talismans
 e - a beast talisman
Wands
 g - a wand of flame (6)
 s - a wand of polymorph (10)
 A - a wand of roots (6)
 L - a wand of light (12)
Scrolls
 d - 5 scrolls of enchant weapon
 i - 7 scrolls of teleportation
 m - 2 scrolls of amnesia
 n - 3 scrolls of blinking
 u - 4 scrolls of immolation
 w - 5 scrolls of fog
 y - 3 scrolls of revelation
 z - 3 scrolls of noise
Potions
 h - 2 potions of curing
 t - 2 potions of attraction
 x - a potion of heal wounds


   Skills:
 * Level 7.0 Fighting
 * Level 6.8 Axes
 * Level 5.0 Staves
 + Level 0.5 Throwing
 * Level 5.6 Armour
 * Level 5.3 Dodging
 + Level 3.8 Stealth
 + Level 3.7 Unarmed Combat
 * Level 4.5 Spellcasting
 + Level 2.9 Summonings
 * Level 3.8 Alchemy
 * Level 7.3 Evocations


You had 3 spell levels left.
You knew the following spells:

 Your Spells              Type           Power      Damage    Failure   Level
a - Ignite Poison         Fire/Alch      5%         N/A       95%         4
b - Sticky Flame          Fire/Alch      5%         2d4       95%         4
c - Static Discharge      Conj/Air       6%         3-4/arc   65%         2
d - Summon Lightning Spi  Summ/Air       7%         N/A       97%         4
e - Sting                 Conj/Alch      20%        1d4       26%         1
f - Magic Dart            Conj           8%         1d3       50%         1

Your spell library contained the following spells:

 Spells                   Type           Power      Damage    Failure   Level
 Call Imp                 Summ           14%        N/A       26%         2
 Mercury Vapours          Alch/Air       16%        N/A       36%         2
 Blink                    Tloc           4%         N/A       65%         2
 Olgreb's Toxic Radiance  Alch           8%         N/A       75%         4
 Airstrike                Air            1%         2d(1-17)  99%         4
 Ignition                 Fire           1%         3d3       100%        8


Dungeon Overview and Level Annotations

Branches:
Dungeon (10/15)            Temple (0/1) D:6            Lair (0/5) D:9
    Orc (0/2) D:10        Ossuary (visited)

Altars:
Ashenzari
Cheibriados
Hepliaklqana
Qazlal
Ru
Trog
Uskayaw
Vehumet
Yredelemnul
Zin

Shops:
D:4 *

Annotations:
D:10 Azoth's ghost, journeyman CoHu


Innate Abilities, Weirdness & Mutations

You can wield a second weapon in your off-hand.
It takes a long time for you to wield or remove held weapons.
Your first few attacks do less damage.
Attacking and casting redirects power from your legs.
You have very sharp teeth.
You are agile. (Dex +4, Str/Int -1)
You possess an exceptional clarity of mind.
You are frail. (-10% HP)
You are strong-willed. (Will+)
You are somewhat resistant to further mutation.
Your natural rate of healing is unusually fast.
Your muscles are strong. (Str +4, Int/Dex -1)
You occasionally lose the ability to read scrolls when taking damage.


Message History

You burn the nine-headed hydra.
The nine-headed hydra barely misses you.
The nine-headed hydra bites you but does no damage.
You block the nine-headed hydra's attack.
The nine-headed hydra bites you but does no damage.
The nine-headed hydra barely misses you.
The nine-headed hydra bites you but does no damage.
The nine-headed hydra closely misses you.
The nine-headed hydra bites you but does no damage.
The nine-headed hydra bites you.
Azoth's ghost hits you but does no damage.
You hit the nine-headed hydra with your staff of air.
The nine-headed hydra is electrocuted.
Your bite misses the nine-headed hydra.
The nine-headed hydra is moderately wounded.
You hit the nine-headed hydra with your +2 spear of flaming.
You burn the nine-headed hydra.
The 11-headed hydra bites you but does no damage. x2
The 11-headed hydra bites you.
* * * LOW HITPOINT WARNING * * *
The 11-headed hydra bites you!
* * * LOW HITPOINT WARNING * * *
The 11-headed hydra closely misses you.
The 11-headed hydra bites you but does no damage.
You block the 11-headed hydra's attack.
The 11-headed hydra bites you but does no damage.
The 11-headed hydra barely misses you. The 11-headed hydra bites you!
* * * LOW HITPOINT WARNING * * *
The 11-headed hydra bites you.
* * * LOW HITPOINT WARNING * * *
The nine-headed hydra bites you.
* * * LOW HITPOINT WARNING * * *
The nine-headed hydra bites you but does no damage.
The nine-headed hydra barely misses you. x2
The nine-headed hydra bites you but does no damage. x2
The nine-headed hydra barely misses you.
The nine-headed hydra misses you.
The nine-headed hydra bites you but does no damage.
Azoth's ghost hits you.
You die...
Xom snickers!

#.# #.# #.# #.# #.## #.# #.# #..#
#.# #####.#### ######'#### ###'#
#...>....# #.........# #.#..
#........####.#####...####.#.#
#.......(...b##♣.♣##..'..#...#
#........#.#b#..!..##.##.#####
#........#.bb@D..!.♣#.##.#....
#........##.bDWb)...#.##.'.###
#...[....###bbb....♣#.####...<
##.####### #.#....~#### ####'
#....# #.##♣♣~##.# #. ####.# ####
##.## ## ###.### ###.#### #####.
#.....########......###..>'.
######.....#...........^.##..###.


You could see a 11-headed hydra (ally target), a nine-headed hydra (ally target)
and Azoth's ghost (ally target).

Vanquished Creatures
  Pikel (D:4)
  A black mamba (D:10)
  Joseph (D:8)
  2 trolls (D:10)
  14 yaks
  A wyvern (D:7)
  A hog (D:6)
  2 steam dragons
  A basilisk (D:9)
  2 water moccasins
  A swamp drake (D:6)
  An ice beast (D:7)
  5 black bears
  3 centaurs
  2 ogres
  A phantom (D:6)
  2 kobold brigands (D:10)
  2 bullfrogs (D:7)
  5 gnoll sergeants
  6 wights (D:8)
  3 killer bees (D:10)
  3 electric eels (D:9)
  2 howler monkeys
  2 bombardier beetles
  A spectral scorpion (Ossuary)
  5 orc priests
  2 centaur skeletons (Ossuary)
  2 hounds
  Crazy Yiuf (D:5)
  4 jellies
  3 iguanas
  Natasha (thrice) (D:4)
  Ijyb (D:5)
  5 orc wizards
  2 hell rats
  A crocodile zombie (Ossuary)
  An ogre skeleton (Ossuary)
  11 mummies (Ossuary)
  Robin (D:5)
  18 gnolls
  8 adders
  2 river rats
  A white imp (D:7)
  3 ribbon worms
  The ghost of zenocrate the Sneak, a weakling OpDe (D:3)
  3 dart slugs
  39 orcs
  8 endoplasms
  2 giant cockroaches
  13 goblins
  7 hobgoblins
  4 quokkas
  4 ball pythons
  2 bats
  3 frilled lizards (D:2)
  2 gnoll skeletons (Ossuary)
  15 kobolds
  A kobold skeleton (Ossuary)
  2 orc skeletons (Ossuary)
  2 rats
  A spectral orc (D:5)
  10 spectral rats (Ossuary)
258 creatures vanquished.

Vanquished Creatures (collateral kills)
  3 yaks (D:9)
  2 orc warriors
  A kobold brigand (D:9)
  2 howler monkeys (D:9)
  An orc priest (D:9)
  An iguana (D:9)
  An orc wizard (D:9)
  A hell rat (D:9)
  2 orcs
  A kobold (D:9)
15 creatures vanquished.

Vanquished Creatures (others)
  A yak (D:9)
  An orc wizard (D:9)
2 creatures vanquished.

Grand Total: 275 creatures vanquished

Notes
Turn   | Place    | Note
-------+----------+-------------------------------------------
     0 | D:1      | ezpacito the Coglin Chaos Knight began the quest for the
                  | Orb.
     0 | D:1      | Reached XP level 1. HP: 18/18 MP: 1/1
    25 | D:1      | XOM: silly message
   292 | D:1      | Reached skill level 1 in Dodging
   308 | D:1      | XOM: silly message
   330 | D:1      | Reached XP level 2. HP: 24/24 MP: 2/2
   460 | D:2      | Reached XP level 3. HP: 28/29 MP: 3/3
   487 | D:2      | XOM: silly message
   782 | D:2      | Reached skill level 1 in Spellcasting
   860 | D:2      | Reached XP level 4. HP: 35/35 MP: 5/5
  1006 | D:2      | Found a faded altar of an unknown god.
  1306 | D:3      | Reached skill level 1 in Evocations
  1497 | D:3      | XOM: fake destruction
  1504 | D:3      | Reached XP level 5. HP: 37/41 MP: 6/6
  1638 | D:3      | Found a runed translucent door.
  1641 | D:3      | Noticed zenocrate's ghost (weakling OpDe)
  1843 | D:3      | Killed zenocrate's ghost
  1923 | D:4      | Noticed a black bear
  1930 | D:4      | Killed a black bear
  1931 | D:4      | Reached skill level 1 in Staves
  1931 | D:4      | Reached skill level 1 in Stealth
  1931 | D:4      | Reached skill level 1 in Unarmed Combat
  1931 | D:4      | Reached XP level 6. HP: 41/48 MP: 6/8
  1934 | D:4      | Identified the +1 robe of the Hall of Blades {Int+3}
  1960 | D:4      | XOM: summons friendly crimson imp
  1960 | D:4      | Noticed Pikel
  1970 | D:4      | XOM: scenery: summon butterflies
  1982 | D:4      | Killed Pikel
  1983 | D:4      | Reached XP level 7. HP: 30/54 MP: 8/10
  2003 | D:4      | Found a hide-covered altar of Uskayaw.
  2017 | D:4      | Found a bloodstained altar of Trog.
  2050 | D:4      | Noticed Natasha
  2059 | D:4      | Killed Natasha
  2061 | D:4      | Found a radiant altar of Vehumet.
  2075 | D:4      | Reached XP level 8. HP: 55/61 MP: 11/11
  2089 | D:4      | Found a sand-covered staircase.
  2109 | D:4      | Found Pyxewarph's Mass Market.
  2124 | D:4      | XOM: god gift: glowing fluorescent wand {god gift}
  2218 | Ossuary  | Entered an ossuary
  2430 | Ossuary  | XOM: give mutations
  2430 | Ossuary  | Gained mutation: You have a pair of small antennae on your
                  | head. [Xom's grace]
  2430 | Ossuary  | Gained mutation: You have very sharp teeth. [Xom's grace]
  2430 | Ossuary  | Gained mutation: You are strong-willed. (Will+) [Xom's
                  | grace]
  2603 | Ossuary  | XOM: god gift: datura-tipped dart
  2672 | Ossuary  | XOM: scenery: 1 doors close
  2724 | Ossuary  | XOM: scenery: 5 doors close
  2775 | Ossuary  | XOM: give mutations
  2775 | Ossuary  | Gained mutation: Your muscles are strong. (Str +4, Int/Dex
                  | -1) [Xom's grace]
  2775 | Ossuary  | Gained mutation: Your spells are a little harder to cast,
                  | but a little more powerful. [Xom's grace]
  2775 | Ossuary  | Gained mutation: You are agile. (Dex +4, Str/Int -1) [Xom's
                  | grace]
  2885 | D:4      | XOM: 3-stop teleportation journey
  3066 | D:4      | XOM: give mutations
  3066 | D:4      | Gained mutation: You possess an exceptional clarity of
                  | mind. [Xom's grace]
  3066 | D:4      | Gained mutation: Your mind is acute. (Int +4, Str/Dex -1)
                  | [Xom's grace]
  3066 | D:4      | Gained mutation: You are somewhat resistant to further
                  | mutation. [Xom's grace]
  3066 | D:4      | Gained mutation: You are partially covered in iridescent
                  | scales. (AC +2) [Xom's grace]
  3109 | D:4      | Noticed Natasha
  3115 | D:4      | XOM: confuse monster(s)
  3124 | D:4      | Killed Natasha
  3171 | D:4      | Found a snail-covered altar of Cheibriados.
  3187 | D:4      | Found a glowing silver altar of Zin.
  3191 | D:4      | Found a stormy altar of Qazlal.
  3210 | D:4      | Noticed Natasha
  3219 | D:4      | Killed Natasha
  3413 | D:5      | Entered Level 5 of the Dungeon
  3442 | D:5      | Found a broken altar of Ashenzari.
  3507 | D:5      | XOM: polymorph orc -> river rat
  4008 | D:5      | Noticed Ijyb
  4009 | D:5      | Noticed Robin
  4022 | D:5      | Killed Robin
  4023 | D:5      | Reached skill level 5 in Fighting
  4023 | D:5      | Reached skill level 5 in Axes
  4023 | D:5      | Killed Ijyb
  4170 | D:5      | Reached XP level 9. HP: 14/68 MP: 13/13
  4616 | D:5      | XOM: torment (35/68 hp)
  4899 | D:5      | Found a hazy altar of Hepliaklqana.
  4960 | D:5      | Found a runed translucent door.
  4961 | D:5      | Noticed Crazy Yiuf
  5085 | D:5      | Killed Crazy Yiuf
  5183 | D:6      | XOM: stat loss: -1 Str (17/18)
  5399 | D:6      | Reached skill level 5 in Evocations
  5495 | D:6      | XOM: 3-stop teleportation journey
  5813 | D:6      | XOM: chaos cloud
  5820 | D:6      | XOM: polymorph something unseen -> hog
  5858 | D:6      | Found a staircase to the Ecumenical Temple.
  5962 | D:6      | XOM: stat loss: -1 Dex (16/17)
  6173 | D:6      | XOM: torment (35/68 hp)
  6179 | D:6      | Learned a level 4 spell: Ignite Poison
  6184 | D:6      | Learned a level 4 spell: Sticky Flame
  6187 | D:6      | Learned a level 2 spell: Static Discharge
  6192 | D:6      | Learned a level 4 spell: Summon Lightning Spire
  6316 | D:6      | XOM: polymorph howler monkey -> black bear
  6527 | D:7      | XOM: summons friendly ufetubus
  6623 | D:7      | Reached skill level 1 in Alchemy
  6822 | D:7      | XOM: divination: magic mapping
  7092 | D:7      | Found a sacrificial altar of Ru.
  7107 | D:7      | Reached skill level 1 in Summonings
  7216 | D:7      | Reached XP level 10. HP: 76/76 MP: 15/15
  7349 | D:8      | XOM: destruction
  7370 | D:8      | XOM: summons friendly white imp
  7716 | D:8      | Noticed Joseph
  7735 | D:8      | XOM: divination: magic mapping
  7740 | D:8      | XOM: swap monsters
  7741 | D:8      | Killed Joseph
  8045 | D:8      | Learned a level 1 spell: Sting
  8047 | D:8      | Learned a level 1 spell: Magic Dart
  8689 | D:9      | XOM: stat loss: -1 Int (12/13)
  8703 | D:8      | Reached skill level 5 in Armour
  8882 | D:9      | Lost mutation: You are agile. (Dex +4, Str/Int -1) [potion
                  | of mutation]
  8882 | D:9      | Lost mutation: You are partially covered in iridescent
                  | scales. (AC +2) [potion of mutation]
  8882 | D:9      | Gained mutation: Your natural rate of healing is unusually
                  | fast. [potion of mutation]
  8899 | D:9      | Reached skill level 5 in Dodging
  8962 | D:9      | Found a staircase to the Lair.
  8995 | D:9      | XOM: give mutations
  8995 | D:9      | Lost mutation: You have a pair of small antennae on your
                  | head. [Xom's mischief]
  8995 | D:9      | Lost mutation: Your spells are a little harder to cast, but
                  | a little more powerful. [Xom's mischief]
  8995 | D:9      | Lost mutation: Your mind is acute. (Int +4, Str/Dex -1)
                  | [Xom's mischief]
  8995 | D:9      | Gained mutation: You are frail. (-10% HP) [Xom's mischief]
  9053 | D:9      | Reached XP level 11. HP: 66/71 MP: 17/17
  9140 | D:9      | XOM: silly message
  9192 | D:9      | XOM: give mutations
  9192 | D:9      | Gained mutation: You are agile. (Dex +4, Str/Int -1) [Xom's
                  | mischief]
  9192 | D:9      | Gained mutation: You occasionally lose the ability to read
                  | scrolls when taking damage. [Xom's mischief]
  9209 | D:9      | Found a basalt altar of Yredelemnul.
  9278 | D:10     | Entered Level 10 of the Dungeon
  9329 | D:10     | XOM: fake destruction
  9338 | D:10     | XOM: polymorph yak -> black mamba
  9374 | D:10     | XOM: 4-stop teleportation journey
  9378 | D:10     | Found a runed translucent gate.
  9378 | D:10     | Found a runed translucent gate.
  9379 | D:10     | Noticed a nine-headed hydra
  9381 | D:10     | Noticed an 11-headed hydra
  9381 | D:10     | Noticed Azoth's ghost (journeyman CoHu)
  9382 | D:10     | Found a runed translucent gate.
  9431 | D:10     | XOM: noise
  9706 | D:10     | Reached skill level 5 in Staves
  9737 | D:10     | XOM: 2-stop teleportation journey
  9956 | D:10     | Found a staircase to the Orcish Mines.
  9965 | D:10     | XOM: swap monsters
 10097 | D:10     | HP: 2/75 [11-headed hydra (2)]
 10097 | D:10     | Slain by Azoth's ghost

Illustrated notes

Levels and vault maps discovered:
D:1:      scummos_arrival_simple_crosswalls, layout_rooms, st_stairs_5
D:2:      layout_basic, nicolae_ecumenical_lake_church, minmay_misc_feat_roman
D:3:      layout_rooms, ebering_ghost_sewer_d, minmay_quadrilaterals
D:4:      layout_loops_cross, mainiacjoe_overflow_paths,
          nicolae_uskayaw_murder_on_the_dancefloor, trog_book,
          minmay_overflow_temple_star_quad, nicolae_ossuary_entry_monument,
          minmay_shop_mass, mrwooster_statue_mirror, uniq_pikel, uniq_natasha
D:5:      layout_layer_cave, nicolae_hepliaklqana_monster_ancestors,
          nicolae_ashenzari_panopticon, nicolae_goblin_pals,
          uniq_crazy_yiuf_cottage
D:6:      layout_basic, temple_green, serial_park_tiny_1
D:7:      layout_basic, mainiacjoe_overflow_alcove_4
D:8:      layout_layer_cave, uniq_joseph
D:9:      layout_cross, kennysheep_mini, dpeg_lair_monsters, serial_bayou,
          serial_bayou_shore_a, serial_bayou_pond_e, serial_bayou_shore_b,
          serial_bayou_pond_c
D:10:     layout_roguey, kennysheep_orc_monster_closet_entryway,
          gammafunk_ghost_hydra_chop

Skill      XL: |  1  2  3  4  5  6  7  8  9 10 11 |
---------------+----------------------------------+-----
Dodging        | 1 2 3 4 5 |  5.3
Armour         | 2 3 4 5 |  5.6
Spellcasting   | 1 2 3 4 |  4.5
Evocations     | 1 2 3 4 5 6 7 |  7.3
Staves         | 1 2 3 4 5 |  5.0
Stealth        | 1 2 3 |  3.8
Unarmed Combat | 1 2 3 |  3.7
Fighting       | 4 5 6 7 |  7.0
Axes           | 4 5 6 |  6.8
Alchemy        | 1 3 |  3.8
Summonings     | 1 2 |  2.9
Throwing       | |  0.5

Action                     |  1- 3 |  4- 6 |  7- 9 | 10-12 || total
---------------------------+-------+-------+-------+-------++-------
  Melee: Hand axe          |    63 |    75 |   387 |   257 ||   782
         Staff             |     7 |    69 |   367 |   250 ||   693
         Bite              |       |       |    51 |    50 ||   101
         Spear             |       |       |       |     3 ||     3
   Cast: Sting             |       |       |       |     1 ||     1
  Evoke: Wand              |       |       |       |     1 ||     1
    Use: Scroll            |       |     4 |     8 |     6 ||    18
         Potion            |       |     5 |     6 |    16 ||    27
   Stab: Sleeping          |     1 |       |       |       ||     1
         Confused          |       |     2 |     6 |    10 ||    18
         Petrifying        |       |       |     4 |     5 ||     9
         Distracted        |       |       |     1 |       ||     1
         Invisible         |       |       |       |    11 ||    11
         Paralysed         |       |       |       |     4 ||     4
         Petrified         |       |       |       |     2 ||     2
 Armour: Leather armour    |     3 |       |       |       ||     3
         Chain mail        |    38 |    69 |   324 |    31 ||   462
         Ring mail         |       |       |       |   245 ||   245
  Dodge: Dodged            |    18 |    30 |   134 |   225 ||   407
  Block: Other             |       |       |    57 |    70 ||   127
         Reflection        |       |       |     3 |     6 ||     9

Table legend: (Time is in decaauts)
 A = Elapsed time spent in this place.
 B = Non-inter-level travel time spent in this place.
 C = Inter-level travel time spent in this place.
 D = Time resting spent in this place.
 E = Time spent auto-exploring this place.
 F = Levels seen in this place.
 G = Mean time per level.
                   A        B        C        D        E       F      G
               +--------+--------+--------+--------+--------+-----+--------+
         Total |  10071 |   9763 |    308 |    596 |   7338 |  11 |  915.5 |
       Dungeon |   9452 |   9144 |    308 |    596 |   6934 |  10 |  945.2 |
       Ossuary |    618 |    618 |      0 |      0 |    404 |   1 |  618.0 |
               +--------+--------+--------+--------+--------+-----+--------+

Top non-repeatable levels by time:
     D:5: 1712 daAuts
     D:8: 1504 daAuts
     D:6: 1324 daAuts
     D:4: 869 daAuts
     D:7: 827 daAuts
    D:10: 822 daAuts
     D:2: 785 daAuts
     D:3: 712 daAuts
 Ossuary: 618 daAuts
     D:9: 466 daAuts
     D:1: 427 daAuts
